Map: [ESL] Alcyone

Players

MaxPax - Winner!

  • Race: Protoss Protoss
  • Spawn Location: 1:00

Spirit

  • Race: Terran Terran
  • Spawn Location: 7:00

Event: ESL SC2 Masters 2024 Spring (Regional)

VOD

Have the link to the VOD?

Description

Time

  • Played on: May 4, 2024, 11:48 a.m.
  • Length: 14:16

All games in this series

Show
View Real Time Build Order
Export as new Build Order

MaxPax Protoss - Winner!

Build Orders: 1 Gate Expand, Blink Stalkers, Chargelot Immortal 

Get SALT Encoding   

  12  0:00  Probe  
  13  0:12  Probe  
  14  0:16  Pylon  
  14  0:24  Probe (Chrono Boost)  
  16  0:35  Gateway  
  16  0:36  Probe (Chrono Boost)  
  16  0:42  Probe (Chrono Boost)  
  16  0:45  Assimilator  
  17  0:50  Probe  
  18  1:03  Probe  
  19  1:15  Probe  
  20  1:22  Cybernetics Core  
  20  1:29  Nexus  
  20  1:32  Probe  
  21  1:39  Pylon  
  21  1:44  Probe  
  22  1:48  Assimilator  
  22  1:55  Adept (Chrono Boost)  
  22  1:56  Probe  
  22  1:57  Warp Gate (Chrono Boost)  
  25  2:08  Pylon  
  25  2:09  Probe  
  25  2:15  Adept (Chrono Boost)  
  26  2:21  Probe  
  29  2:28  Gateway  
  29  2:40  Probe  
  29  2:41  Gateway  
  30  2:46  Probe  
  31  2:51  Stalker  
  31  2:54  Probe  
  34  2:59  Probe  
  35  3:06  Probe  
  35  3:09  Twilight Council  
  35  3:11  Probe  
  37  3:18  Probe  
  38  3:27  Probe  
  38  3:30  Probe  
  40  3:34  Stalker  
  40  3:35  Stalker  
  40  3:36  Stalker  
  40  3:40  Probe  
  47  3:43  Blink (Chrono Boost)  
  47  3:44  Probe  
  48  3:52  Probe  
  49  3:56  Probe  
  46  4:03  Stalker x3  
  46  4:04  Probe  
  46  4:09  Probe  
  54  4:19  Probe  
  54  4:21  Probe  
  52  4:28  Adept x3  
  54  4:33  Pylon, Robotics Facility  
  54  4:38  Pylon  
  54  4:42  Nexus  
  48  4:53  Probe x2  
  48  4:55  Assimilator  
  48  4:59  Pylon  
  50  5:02  Stalker x3  
  50  5:05  Probe  
  57  5:07  Probe  
  57  5:14  Shield Battery  
  58  5:17  Probe  
  58  5:18  Observer  
  58  5:19  Probe  
  61  5:28  Pylon  
  61  5:29  Probe  
  61  5:30  Forge  
  61  5:31  Probe  
  63  5:39  Charge (Chrono Boost)  
  63  5:41  Probe  
  64  5:43  Probe  
  64  5:51  Gateway  
  64  5:52  Immortal (Chrono Boost), Gateway  
  64  5:53  Probe, Gateway  
  68  5:57  Probe x2  
  68  6:01  Sentry  
  68  6:02  Shield Battery  
  72  6:06  Protoss Ground Weapons Level 1  
  73  6:13  Stalker  
  74  6:20  Gateway  
  74  6:21  Gateway  
  74  6:22  Pylon, Shield Battery  
  74  6:25  Immortal (Chrono Boost)  
  74  6:30  Zealot  
  74  6:32  Pylon  
  80  6:34  Zealot  
  82  6:47  Zealot x3  
  86  6:48  Pylon  
  84  6:54  Immortal (Chrono Boost)  
  84  6:59  Zealot x3  
  84  7:13  Pylon  
  82  7:17  Zealot x5  
  80  7:34  Stalker x2  
  70  7:40  Zealot x4, Stalker  
  59  7:59  Zealot  
  59  8:00  Zealot  
  59  8:02  Zealot x4  
  71  8:08  Immortal (Chrono Boost)  
  75  8:14  Sentry  
  77  8:20  Zealot, Sentry  
  77  8:25  Zealot, Sentry  
  85  8:29  Shield Battery  
  75  8:45  Zealot x5  
  85  8:52  Dark Shrine  
  83  9:01  Sentry, Stalker  
  87  9:04  Assimilator  
  81  9:22  Zealot x5  
  87  9:31  Zealot x2  
  91  9:42  Zealot, Archon  
  93  9:55  Observer  
  75  10:08  Dark Templar x2  
  75  10:10  Stalker x3  
  75  10:11  Stalker x2  
  83  10:31  Nexus  
  83  10:34  Dark Templar  
  77  10:47  Observer  
  67  10:55  Stalker x2  
  67  10:56  Stalker x2  
  67  11:01  Observer  
  67  11:04  Templar Archives, Shadow Stride (Chrono Boost)  
  65  11:10  Sentry  
  67  11:13  Pylon  
  67  11:20  Sentry  
  69  11:27  Probe x2  
  69  11:29  Observer  
  71  11:33  Stalker x3  
  77  11:41  Shield Battery  
  77  11:45  Probe  
  77  11:46  Probe  
  79  11:47  High Templar x2  
  83  11:57  Probe  
  83  11:59  Archon, Dark Templar  
  86  12:02  Zealot  
  86  12:07  Pylon  
  88  12:18  Stalker x3  
  88  12:30  Zealot, High Templar x2  
  94  12:38  Archon  
  94  12:53  Zealot x3  
  94  12:54  Zealot  
  94  12:57  Robotics Facility  
  102  13:04  Gateway  
  102  13:05  High Templar x2  
  106  13:12  Archon  
  104  13:22  Zealot x4  
  98  13:40  Dark Templar  
  100  13:42  Dark Templar  
  100  13:43  Zealot x4, Gateway  
  108  14:01  Zealot  
  114  14:05  Zealot  
Show
View Real Time Build Order
Export as new Build Order

Spirit Terran 

Build Orders: Cyclone Opening 

Get SALT Encoding   

  12  0:00  SCV  
  13  0:12  SCV  
  14  0:16  Supply Depot  
  14  0:24  SCV  
  15  0:38  SCV  
  15  0:40  Barracks  
  16  0:43  Refinery  
  16  0:50  SCV  
  17  1:02  SCV  
  18  1:14  SCV  
  19  1:26  Marine  
  19  1:27  Orbital Command  
  20  1:44  Reaper  
  20  1:45  Command Center  
  21  1:51  Supply Depot  
  21  1:54  SCV  
  22  2:06  SCV  
  22  2:07  Factory  
  23  2:16  Marine  
  23  2:18  SCV  
  23  2:19  Bunker  
  25  2:30  SCV  
  25  2:34  Barracks  
  26  2:41  Barracks Reactor  
  26  2:42  SCV  
  26  2:43  Refinery  
  27  2:52  Cyclone  
  27  2:55  SCV  
  30  3:00  Orbital Command  
  30  3:07  SCV  
  30  3:17  Marine  
  30  3:18  Barracks  
  30  3:19  SCV, Marine  
  33  3:26  Cyclone  
  35  3:29  Barracks Tech Lab  
  35  3:30  SCV  
  35  3:31  SCV  
  37  3:39  Marine  
  37  3:41  Supply Depot  
  38  3:42  SCV  
  38  3:44  SCV  
  38  3:47  Marine  
  41  3:49  Stimpack  
  41  3:53  Marine  
  41  3:54  SCV  
  42  3:57  Marine  
  42  4:01  Cyclone  
  43  4:05  Marine  
  43  4:07  Marine  
  43  4:09  SCV  
  45  4:15  SCV  
  45  4:16  Marine  
  46  4:19  Marine  
  44  4:25  SCV, Marine  
  44  4:28  SCV  
  44  4:30  Barracks Tech Lab  
  46  4:33  Factory Tech Lab  
  46  4:37  SCV  
  47  4:39  Supply Depot  
  47  4:40  SCV  
  47  4:43  Marine  
  47  4:44  Marine  
  49  4:47  Marine  
  49  4:49  Marine  
  49  4:52  Combat Shield  
  50  4:55  Siege Tank  
  54  5:01  Marine  
  54  5:02  Marine  
  54  5:03  Supply Depot  
  54  5:07  SCV  
  55  5:10  SCV  
  55  5:13  Marauder x2  
  59  5:17  Supply Depot  
  59  5:19  SCV  
  59  5:20  Supply Depot  
  60  5:22  SCV, Marine  
  60  5:24  Marine  
  63  5:30  Siege Tank  
  63  5:34  Marine  
  67  5:36  SCV  
  67  5:39  Marauder  
  67  5:40  Marine  
  67  5:41  SCV  
  71  5:44  Marine  
  71  5:48  SCV  
  73  5:52  Marauder  
  75  5:58  Marine  
  75  6:00  Marauder  
  75  6:03  Starport  
  78  6:04  SCV x2  
  78  6:10  Siege Tank  
  83  6:14  Marauder  
  83  6:16  SCV  
  83  6:18  Marine  
  87  6:21  Marine  
  87  6:25  Marine  
  89  6:34  Marine  
  89  6:36  Marine  
  89  6:43  Marauder  
  89  6:44  Bunker  
  89  6:45  Bunker  
  90  6:50  Marine  
  90  6:53  Marine, Marauder  
  90  6:54  SCV  
  89  7:04  Marine  
  89  7:07  Marine  
  90  7:11  Marine  
  90  7:14  Marauder  
  92  7:16  Siege Tank  
  92  7:22  Marauder  
  90  7:26  Marine  
  71  7:37  Marine  
  71  7:40  Marine  
  71  7:43  Marine  
  71  7:44  Marine  
  68  7:48  Siege Tank  
  68  7:52  SCV x2  
  68  7:53  Starport Reactor  
  68  7:55  Marine  
  68  7:58  Bunker, Marine  
  72  8:01  Marine  
  72  8:02  Marine  
  72  8:04  SCV  
  75  8:08  SCV  
  75  8:11  Engineering Bay  
  75  8:13  Marine  
  75  8:15  Marine  
  75  8:16  SCV  
  75  8:19  Marine x2  
  79  8:20  SCV  
  79  8:30  Marine  
  79  8:32  SCV  
  79  8:33  Marine  
  70  8:37  Marine x2  
  69  8:48  Marine  
  69  8:50  Medivac  
  69  8:51  Marine  
  70  8:55  SCV  
  70  8:56  SCV  
  70  8:59  Marine x2  
  74  9:08  SCV x2, Supply Depot  
  66  9:20  SCV x2  
  68  9:26  Bunker, Marine  
  68  9:28  Marine  
  68  9:29  Medivac  
  65  9:32  SCV x2  
  65  9:34  Siege Tank  
  65  9:37  Marine  
  63  9:40  Marine  
  63  9:44  SCV x2, Supply Depot  
  63  9:45  Marine  
  63  9:48  Marine  
  63  9:52  Terran Infantry Weapons Level 1  
  65  9:54  Medivac  
  65  9:56  SCV x2  
  65  9:59  Marine  
  67  10:01  Marine  
  67  10:04  Marine  
  57  10:08  SCV  
  57  10:13  Marine  
  60  10:17  Marine  
  60  10:19  Marine  
  60  10:20  Missile Turret  
  61  10:23  Siege Tank  
  63  10:29  SCV, Missile Turret  
  63  10:31  SCV  
  63  10:32  Marine  
  66  10:36  Marine  
  66  10:41  SCV  
  60  10:42  Marine  
  60  10:43  SCV, Marine  
  56  10:50  Marine  
  56  10:54  Marine  
  54  11:00  Marine  
  54  11:01  Marine  
  54  11:07  Widow Mine  
  54  11:09  Medivac  
  57  11:14  Supply Depot  
  57  11:16  Marine  
  57  11:18  Marine  
  58  11:21  Marine  
  58  11:22  Marine  
  58  11:25  SCV  
  62  11:27  SCV  
  63  11:35  Marine  
  63  11:36  Marine  
  63  11:38  Widow Mine  
  67  11:49  Marauder, Marine  
  67  11:50  Terran Infantry Armor Level 1  
  70  11:56  Marine  
  70  11:57  Marine  
  75  12:07  Marauder  
  74  12:09  Widow Mine  
  74  12:10  Marine  
  74  12:13  Marine  
  74  12:15  Marine  
  75  12:29  Marauder x2  
  79  12:30  Widow Mine  
  79  12:31  Marine  
  79  12:33  Marine  
  83  12:49  Marine  
  83  12:50  Marauder x2  
  83  12:51  Marine  
  84  13:04  Widow Mine  
  86  13:07  Marine  
  86  13:09  Marine  
  86  13:11  Marauder, Marine  
  88  13:25  Marine  
  88  13:26  Marine  
  86  13:29  Marine  
  86  13:32  Marine  
  75  13:39  Missile Turret  
  75  13:42  Medivac x2, Marine  
  75  13:44  Marine  
  75  13:46  Marine  
  82  13:50  Marine  
Tags
 
Add a new tag
Caveats
  • Supply blocks, unpowered buildings, or Contaminate may cause inaccurate times.
  • Supply counts are checked every 10 seconds.